HSSL
SANTA FE HS CHIEFS @ SHELBY HS ROCKETS
04/03/2030
 
TOP OF THE 1ST
Santa Fe HS Chiefs batting - Pitching for Shelby HS Rockets : RHP Matt Sykes
Pitching: RHP Matt Sykes
Batting: RHB Chris Ledoux 0-0: Foul Ball, location: 2F
0-1: Ball
1-1: Ground out 6-3 (Groundball, 6)
Batting: RHB Dave Cooke 0-0: Ground out 5-3 (Groundball, 56S)
Batting: SHB Victor Gaines 0-0: SINGLE (Groundball, 2L) (infield hit)
Batting: LHB Ken Falcon 0-0: Ball
Victor Gaines is caught stealing 2nd base
Top of the 1st over - 0 runs, 1 hit, 0 errors, 0 left on base; Santa Fe HS 0 - Shelby HS 0
BOTTOM OF THE 1ST
Shelby HS Rockets batting - Pitching for Santa Fe HS Chiefs : RHP Ángel Flores
Pitching: RHP Ángel Flores
Batting: SHB Joe Jenkins 0-0: Ball
1-0: Called Strike
1-1: Foul Ball, location: 2F
1-2: Ball
2-2: Strikes out swinging
Batting: RHB José Borrero 0-0: Called Strike
0-1: Ball
1-1: Ground out 5-3 (Groundball, 56)
Batting: LHB Ben Ward 0-0: Swinging Strike
0-1: Foul Ball, location: 2F
0-2: Ball
1-2: Ball
2-2: Ball
3-2: Foul Ball, location: 2F
3-2: Strikes out looking
Bottom of the 1st over - 0 runs, 0 hits, 0 errors, 0 left on base; Santa Fe HS 0 - Shelby HS 0
TOP OF THE 2ND
Santa Fe HS Chiefs batting - Pitching for Shelby HS Rockets : RHP Matt Sykes
Batting: LHB Ken Falcon 0-0: Ball
1-0: Ball
2-0: Ball
3-0: Called Strike
3-1: Foul Ball, location: 2F
3-2: Strikes out swinging
Batting: RHB Anthony Scott 0-0: Fly out, F8 (Flyball, 8RM)
Batting: RHB Bryan Tillman 0-0: SINGLE (Line Drive, 9S)
Batting: RHB Stanley Austin 0-0: Ball
1-0: Ball
2-0: Called Strike
2-1: Ball
3-1: Foul Ball, location: 2F
3-2: Foul Ball, location: 2F
Pickoff Throw to First - Error! E1
Bryan Tillman to second
3-2: SINGLE (Groundball, 6MD)
Bryan Tillman to third
Bryan Tillman scores
Batting: SHB Greg Ayers 0-0: Ball
1-0: Ball
2-0: Swinging Strike
2-1: Swinging Strike
2-2: Ball
3-2: Fly out, F9 (Flyball, 89S)
Top of the 2nd over - 1 run, 2 hits, 1 error, 1 left on base; Santa Fe HS 1 - Shelby HS 0
BOTTOM OF THE 2ND
Shelby HS Rockets batting - Pitching for Santa Fe HS Chiefs : RHP Ángel Flores
Batting: RHB Jim Spears 0-0: Ball
1-0: Ball
2-0: Ball
3-0: Base on Balls
Batting: LHB Ron Davis 0-0: Swinging Strike
0-1: Swinging Strike
0-2: Ball
1-2: Strikes out swinging
Batting: RHB José Zamora 0-0: Called Strike
0-1: SINGLE (Groundball, 4MD)
Jim Spears to second
Runner from 2nd tries for 3rd, OUT!
Batting: RHB Reynaldo Oliva 0-0: Ball
1-0: Swinging Strike
1-1: Ball
2-1: Ball
3-1: SINGLE (Groundball, 4MD)
José Zamora to second
Batting: RHB Art McDonald 0-0: Ball
1-0: Foul Ball, location: 2F
1-1: Ball
2-1: Ball
3-1: Foul Ball, location: 2F
3-2: Foul Ball, location: 2F
3-2: Base on Balls
José Zamora to third
Reynaldo Oliva to second
Batting: RHB David Ordóñez 0-0: Swinging Strike
0-1: Ball
1-1: Ball
2-1: Foul Ball, location: 2F
2-2: SINGLE (Line Drive, 34D)
José Zamora scores
Reynaldo Oliva to third
Art McDonald to second
Runner from 3rd tries for Home, SAFE, no throw
Batting: SHB Joe Jenkins 0-0: Foul Ball, location: 2F
0-1: Swinging Strike
0-2: Strikes out looking
Bottom of the 2nd over - 2 runs, 3 hits, 0 errors, 2 left on base; Santa Fe HS 1 - Shelby HS 2
TOP OF THE 3RD
Santa Fe HS Chiefs batting - Pitching for Shelby HS Rockets : RHP Matt Sykes
Batting: RHB Bruce Cunningham 0-0: Called Strike
0-1: Foul Ball, location: 2F
0-2: Strikes out swinging
Batting: RHB Chris Ledoux 0-0: Foul Ball, location: 2F
0-1: Ball
1-1: Ball
2-1: Fly out, F9 (Flyball, 9LS)
Batting: RHB Dave Cooke 0-0: Ball
1-0: Ball
2-0: Called Strike
2-1: Foul Ball, location: 2F
2-2: Strikes out swinging
Top of the 3rd over - 0 runs, 0 hits, 0 errors, 0 left on base; Santa Fe HS 1 - Shelby HS 2
BOTTOM OF THE 3RD
Shelby HS Rockets batting - Pitching for Santa Fe HS Chiefs : RHP Ángel Flores
Batting: RHB José Borrero 0-0: Swinging Strike
0-1: Swinging Strike
0-2: Ball
1-2: Ball
2-2: DOUBLE (Line Drive, 5D)
Batting: LHB Ben Ward 0-0: SINGLE (Flyball, 9S)
José Borrero to third
Batting: RHB Jim Spears 0-0: Called Strike
0-1: Ball
1-1: DOUBLE (Flyball, 78D)
José Borrero scores
Ben Ward to third
Batting: LHB Ron Davis 0-0: Called Strike
0-1: Ball
1-1: Swinging Strike
1-2: Strikes out swinging
Batting: RHB José Zamora 0-0: Ball
1-0: Ground out 5-3 (Groundball, 56S)
Ben Ward scores
Jim Spears to third
Batting: RHB Reynaldo Oliva 0-0: Called Strike
0-1: Ball
1-1: Foul Ball, location: 2F
1-2: 2-RUN HOME RUN (Flyball, 7LD), Distance : 364 ft
Batting: RHB Art McDonald 0-0: Foul Ball, location: 2F
0-1: Foul Ball, location: 2F
0-2: Foul Ball, location: 2F
0-2: Ball
1-2: SINGLE (Line Drive, 4MD)
Pitching: LHP Elvis Alexander
Batting: RHB David Ordóñez 0-0: Called Strike
0-1: Foul Ball, location: 2F
0-2: SINGLE (Groundball, 4S) (infield hit)
Art McDonald to second
Batting: SHB Joe Jenkins 0-0: Foul Ball, location: 2F
0-1: Ball
1-1: Foul Ball, location: 2F
1-2: SINGLE (Flyball, 8RS)
Art McDonald to third
David Ordóñez to second
Runner from 3rd tries for Home, SAFE, no throw
Batting: RHB José Borrero 0-0: Called Strike
0-1: Ball
1-1: Ball
2-1: 3-RUN HOME RUN (Flyball, 7LD), Distance : 359 ft
Batting: LHB Ben Ward 0-0: Swinging Strike
0-1: Ball
1-1: Ball
2-1: Called Strike
2-2: Foul Ball, location: 2F
2-2: Foul Ball, location: 2F
2-2: Foul Ball, location: 2F
2-2: Foul Ball, location: 2F
2-2: Ball
3-2: Base on Balls
Batting: RHB Jim Spears 0-0: Ground out 4-3 (Groundball, 4)
Bottom of the 3rd over - 8 runs, 8 hits, 0 errors, 1 left on base; Santa Fe HS 1 - Shelby HS 10
TOP OF THE 4TH
Santa Fe HS Chiefs batting - Pitching for Shelby HS Rockets : RHP Matt Sykes
Batting: SHB Victor Gaines 0-0: Ball
1-0: DOUBLE (Line Drive, 9LM)
Batting: LHB Ken Falcon 0-0: Called Strike
0-1: Ball
1-1: Ball
2-1: Fly out, F5 (Popup, 5F)
Batting: RHB Anthony Scott 0-0: Ball
1-0: Called Strike
Throwing error on steal attempt, E2
Victor Gaines scores
1-1: Ball
2-1: Ball
3-1: Swinging Strike
3-2: Fly out, F4 (Popup, 4S)
Batting: RHB Bryan Tillman 0-0: Swinging Strike
0-1: Swinging Strike
0-2: Ball
1-2: SINGLE (Groundball, 34S) (infield hit)
Batting: RHB Stanley Austin 0-0: Called Strike
0-1: Ball
1-1: Ball
2-1: Foul Ball, location: 2F
2-2: SINGLE (Line Drive, 78M)
Bryan Tillman to second
Batting: SHB Greg Ayers 0-0: Called Strike
0-1: Ball
1-1: Foul Ball, location: 2F
1-2: Strikes out looking
Top of the 4th over - 1 run, 3 hits, 1 error, 2 left on base; Santa Fe HS 2 - Shelby HS 10
BOTTOM OF THE 4TH
Shelby HS Rockets batting - Pitching for Santa Fe HS Chiefs : LHP Elvis Alexander
Batting: LHB Ron Davis 0-0: Called Strike
0-1: Ground out 4-3 (Groundball, 4)
Batting: RHB José Zamora 0-0: Ball
1-0: Reached via error on a dropped throw, E1
Batting: RHB Reynaldo Oliva 0-0: Foul Ball, location: 2F
0-1: Swinging Strike
0-2: Ball
1-2: Strikes out swinging
Batting: RHB Art McDonald 0-0: Called Strike
0-1: Ball
1-1: DOUBLE (Flyball, 89D)
José Zamora to third
Batting: RHB David Ordóñez 0-0: Called Strike
0-1: Fly out, F7 (Flyball, 7LM)
Bottom of the 4th over - 0 runs, 1 hit, 1 error, 2 left on base; Santa Fe HS 2 - Shelby HS 10
TOP OF THE 5TH
Santa Fe HS Chiefs batting - Pitching for Shelby HS Rockets : RHP Matt Sykes
Batting: RHB Bruce Cunningham 0-0: Called Strike
0-1: SINGLE (Groundball, 56S) (infield hit)
Batting: RHB Chris Ledoux 0-0: Called Strike
0-1: Called Strike
0-2: Foul Ball, location: 2F
0-2: Ball
1-2: Strikes out swinging
Batting: RHB Dave Cooke 0-0: Ball
1-0: Ball
2-0: SINGLE (Groundball, 6MD)
Bruce Cunningham to second
Batting: SHB Victor Gaines 0-0: Called Strike
0-1: Ball
1-1: Foul Ball, location: 2F
1-2: Fly out, F9 (Flyball, 89M)
Batting: LHB Ken Falcon 0-0: Swinging Strike
0-1: Swinging Strike
0-2: Fly out, F5 (Popup, 25F)
Top of the 5th over - 0 runs, 2 hits, 0 errors, 2 left on base; Santa Fe HS 2 - Shelby HS 10
BOTTOM OF THE 5TH
Shelby HS Rockets batting - Pitching for Santa Fe HS Chiefs : LHP Elvis Alexander
Batting: SHB Joe Jenkins 0-0: Ball
1-0: Swinging Strike
1-1: Ball
2-1: Ball
3-1: Foul Ball, location: 2F
3-2: Base on Balls
Batting: RHB José Borrero 0-0: Ball
1-0: Called Strike
1-1: SINGLE (Groundball, 4D)
Joe Jenkins to second
Throwing error, E9
Joe Jenkins scores
José Borrero to second
Batting: LHB Ben Ward 0-0: Ball
1-0: Ball
2-0: Fly out, F7 (Flyball, 7LSF)
Pitching: RHP Cris Soto
Batting: RHB Jim Spears 0-0: Called Strike
0-1: Foul Ball, location: 2F
0-2: Foul Ball, location: 2F
0-2: SINGLE (Flyball, 8LS)
José Borrero to third
Batting: LHB Ron Davis 0-0: Called Strike
0-1: Ball
1-1: Foul Ball, location: 2F
1-2: Strikes out swinging
Batting: RHB José Zamora 0-0: Fly out, F8 (Flyball, 8RD)
Bottom of the 5th over - 1 run, 2 hits, 1 error, 2 left on base; Santa Fe HS 2 - Shelby HS 11
TOP OF THE 6TH
Santa Fe HS Chiefs batting - Pitching for Shelby HS Rockets : RHP Matt Sykes
Pitching: RHP Chris Field
Batting: RHB Anthony Scott 0-0: Ball
1-0: Foul Ball, location: 2F
1-1: Swinging Strike
1-2: SINGLE (Groundball, 4MD)
Batting: RHB Bryan Tillman 0-0: Swinging Strike
0-1: Foul Ball, location: 2F
0-2: Ball
1-2: Foul Ball, location: 2F
1-2: Strikes out swinging
Batting: RHB Stanley Austin 0-0: Ball
1-0: Foul Ball, location: 2F
1-1: Swinging Strike
1-2: DOUBLE (Line Drive, 7LM)
Anthony Scott to third
Runner from 3rd tries for Home, SAFE, no throw
Pitching: RHP Kevin Cain
Batting: SHB Greg Ayers 0-0: Ball
1-0: Ball
2-0: Called Strike
2-1: Ball
3-1: Base on Balls
Batting: RHB Bruce Cunningham 0-0: Foul Ball, location: 2F
0-1: Ball
1-1: SINGLE (Line Drive, 8LS)
Stanley Austin to third
Greg Ayers to second
Batting: RHB Chris Ledoux 0-0: Called Strike
0-1: SINGLE (Line Drive, 8LS)
Stanley Austin scores
Greg Ayers to third
Bruce Cunningham to second
Runner from 3rd tries for Home, SAFE, no throw
Batting: RHB Dave Cooke 0-0: Ball
1-0: Ball
2-0: Swinging Strike
2-1: Ball
3-1: Base on Balls
Bruce Cunningham to third
Chris Ledoux to second
Batting: SHB Victor Gaines 0-0: Ball
1-0: Ball
2-0: Called Strike
2-1: Ball
3-1: Called Strike
3-2: Base on Balls
Bruce Cunningham scores
Chris Ledoux to third
Dave Cooke to second
Batting: LHB Ken Falcon 0-0: Ball
1-0: Called Strike
1-1: Foul Ball, location: 2F
1-2: Ball
2-2: Foul Ball, location: 2F
2-2: Ball
3-2: Fly out, F6 (Line Drive, 56)
Batting: RHB Anthony Scott 0-0: Called Strike
0-1: Foul Ball, location: 2F
0-2: Fly out, F6 (Popup, 6D)
Top of the 6th over - 4 runs, 4 hits, 0 errors, 3 left on base; Santa Fe HS 6 - Shelby HS 11
BOTTOM OF THE 6TH
Shelby HS Rockets batting - Pitching for Santa Fe HS Chiefs : RHP Cris Soto
Batting: RHB Reynaldo Oliva 0-0: Swinging Strike
0-1: Ball
1-1: Fly out, F9 (Flyball, 9LM)
Batting: RHB Art McDonald 0-0: Fly out, F8 (Flyball, 89XD)
Batting: RHB David Ordóñez 0-0: Ball
1-0: Called Strike
1-1: Foul Ball, location: 2F
1-2: Ball
2-2: Foul Ball, location: 2F
2-2: Foul Ball, location: 2F
2-2: Fly out, F6 (Popup, 6MS)
Bottom of the 6th over - 0 runs, 0 hits, 0 errors, 0 left on base; Santa Fe HS 6 - Shelby HS 11
TOP OF THE 7TH
Santa Fe HS Chiefs batting - Pitching for Shelby HS Rockets : RHP Kevin Cain
Batting: RHB Bryan Tillman 0-0: Ball
1-0: Ball
2-0: DOUBLE (Flyball, 8RD)
Batting: RHB Stanley Austin 0-0: Ball
1-0: Ball
Wild Pitch!
Bryan Tillman to third
2-0: Ball
3-0: Base on Balls
Batting: SHB Greg Ayers 0-0: Called Strike
0-1: Swinging Strike
0-2: Foul Ball, location: 2F
0-2: Ball
1-2: Strikes out swinging
Pitching: RHP Dewitt Hall
Batting: RHB Bruce Cunningham 0-0: Ball
1-0: Ball
2-0: Ball
3-0: Called Strike
3-1: Called Strike
3-2: Base on Balls
Stanley Austin to second
Batting: RHB Chris Ledoux 0-0: Called Strike
0-1: Swinging Strike
0-2: Foul Ball, location: 2F
0-2: Ball
1-2: Strikes out swinging
Batting: RHB Dave Cooke 0-0: Called Strike
0-1: Swinging Strike
0-2: Fly out, F7 (Flyball, 7LM)
Top of the 7th over - 0 runs, 1 hit, 0 errors, 3 left on base; Santa Fe HS 6 - Shelby HS 11
BOTTOM OF THE 7TH
Shelby HS Rockets batting - Pitching for Santa Fe HS Chiefs : RHP Cris Soto
Batting: SHB Joe Jenkins 0-0: Swinging Strike
0-1: Swinging Strike
0-2: Strikes out swinging
Batting: RHB José Borrero 0-0: Called Strike
0-1: Ball
1-1: Ball
2-1: Swinging Strike
2-2: Ball
3-2: Base on Balls
Batting: LHB Ben Ward 0-0: Hit by Pitch
José Borrero to second
Batting: RHB Jim Spears 0-0: Foul Ball, location: 2F
0-1: Ball
1-1: SINGLE (Flyball, 9LS)
José Borrero to third
Ben Ward to second
Batting: LHB Ron Davis 0-0: Ball
1-0: Foul Ball, location: 2F
1-1: Ball
2-1: Called Strike
2-2: Ball
3-2: Base on Balls
José Borrero scores
Ben Ward to third
Jim Spears to second
Batting: RHB José Zamora 0-0: Ball
1-0: Ball
2-0: Ball
3-0: Base on Balls
Ben Ward scores
Jim Spears to third
Ron Davis to second
Batting: RHB Reynaldo Oliva 0-0: Called Strike
0-1: SINGLE (Line Drive, 78S)
Jim Spears scores
Ron Davis to third
José Zamora to second
Batting: RHB Art McDonald 0-0: Foul Ball, location: 2F
0-1: Foul Ball, location: 2F
0-2: Ball
1-2: Fly out, F4 (Popup, 4M)
Batting: RHB David Ordóñez 0-0: Called Strike
0-1: Foul Ball, location: 2F
0-2: SINGLE (Line Drive, 6D)
Ron Davis scores
José Zamora to third
Reynaldo Oliva to second
Batting: SHB Joe Jenkins 0-0: Ball
1-0: Ball
2-0: Called Strike
2-1: Foul Ball, location: 2F
2-2: Strikes out swinging
Bottom of the 7th over - 4 runs, 3 hits, 0 errors, 3 left on base; Santa Fe HS 6 - Shelby HS 15
TOP OF THE 8TH
Santa Fe HS Chiefs batting - Pitching for Shelby HS Rockets : RHP Dewitt Hall
Batting: SHB Victor Gaines 0-0: Ball
1-0: Foul Ball, location: 2F
1-1: Ball
2-1: Ball
3-1: Fly out, F6 (Popup, 6M)
Batting: LHB Ken Falcon 0-0: SINGLE (Flyball, 89S)
Batting: RHB Anthony Scott 0-0: Called Strike
0-1: Ball
1-1: DOUBLE (Groundball, 5L)
Ken Falcon to third
Batting: RHB Bryan Tillman 0-0: Called Strike
0-1: Called Strike
0-2: Ball
1-2: Ball
2-2: Ball
3-2: Strikes out swinging
Pinch Hitting: RHB Ken Walters 0-0: Called Strike
0-1: Ball
1-1: DOUBLE (Line Drive, 78M)
Ken Falcon scores
Anthony Scott scores
Batting: SHB Greg Ayers 0-0: Swinging Strike
0-1: Ball
1-1: Foul Ball, location: 2F
1-2: 2-RUN HOME RUN (Flyball, 89XD), Distance : 436 ft
Pitching: RHP Emílio Jiménez
Batting: RHB Bruce Cunningham 0-0: Ball
1-0: Ball
2-0: Ball
3-0: Called Strike
3-1: Base on Balls
Batting: RHB Chris Ledoux 0-0: Ball
1-0: Ball
2-0: Called Strike
2-1: Swinging Strike
2-2: Strikes out swinging passed ball, reaches first!
Bruce Cunningham to second
Batting: RHB Dave Cooke 0-0: Ball
1-0: Ball
2-0: Swinging Strike
2-1: Ground out 5-3 (Groundball, 56)
Top of the 8th over - 4 runs, 4 hits, 0 errors, 2 left on base; Santa Fe HS 10 - Shelby HS 15
BOTTOM OF THE 8TH
Shelby HS Rockets batting - Pitching for Santa Fe HS Chiefs : RHP Cris Soto
Pitching: RHP Joe Green
Now at 3B: Ken Walters
Batting: RHB José Borrero 0-0: Called Strike
0-1: SINGLE (Line Drive, 3)
Batting: LHB Ben Ward 0-0: Called Strike
0-1: Swinging Strike
0-2: Ball
1-2: Ball
2-2: Strikes out swinging
Batting: RHB Jim Spears 0-0: Ball
1-0: Ball
2-0: Called Strike
2-1: Foul Ball, location: 2F
2-2: Strikes out swinging
Batting: LHB Ron Davis 0-0: Fly out, F8 (Flyball, 8RD)
Bottom of the 8th over - 0 runs, 1 hit, 0 errors, 1 left on base; Santa Fe HS 10 - Shelby HS 15
TOP OF THE 9TH
Santa Fe HS Chiefs batting - Pitching for Shelby HS Rockets : RHP Emílio Jiménez
Now at 3B: Eddie Bourgeois
Batting: SHB Victor Gaines 0-0: Called Strike
0-1: SINGLE (Groundball, 3D)
Batting: LHB Ken Falcon 0-0: Ball
1-0: Foul Ball, location: 2F
1-1: Ball
2-1: Foul Ball, location: 2F
2-2: Foul Ball, location: 2F
2-2: Ball
3-2: Ground out U3 (Groundball, 3)
Victor Gaines to second
Batting: RHB Anthony Scott 0-0: DOUBLE (Flyball, 8RD)
Victor Gaines scores
Batting: RHB Bryan Tillman 0-0: Ball
1-0: Foul Ball, location: 2F
1-1: Foul Ball, location: 2F
1-2: Strikes out swinging
Batting: RHB Ken Walters 0-0: Ball
1-0: Called Strike
1-1: Ball
2-1: Ball
3-1: Foul Ball, location: 2F
3-2: Base on Balls
Pitching: LHP Mark Thomas
Batting: SHB Greg Ayers 0-0: Foul Ball, location: 2F
0-1: Ball
1-1: Ball
2-1: Swinging Strike
2-2: Foul Ball, location: 2F
2-2: Ball
3-2: SINGLE (Flyball, 7LS)
Anthony Scott to third
Ken Walters to second
Anthony Scott scores
Ken Walters to third
Pinch Hitting: RHB Dave Bennett 0-0: Ball
1-0: Fly out, F9 (Flyball, 9S)
Top of the 9th over - 2 runs, 3 hits, 0 errors, 2 left on base; Santa Fe HS 12 - Shelby HS 15
Saturday, April 7th, 2018 - OOTP Baseball 18.8 Build 76